 Dungeon Crawl Stone Soup version 0.17-a0-1475-g9f81d98 (webtiles) character file.

861 Rainor the Sneak (level 7, -12/46 HPs)
             Began as a Vampire Enchanter on July 2, 2015.
             Shot with an arrow by a centaur (13 damage)
             ... on level 5 of the Dungeon.
             The game lasted 00:49:43 (5077 turns).

Rainor the Sneak (Vampire Enchanter)                Turns: 5077, Time: 00:49:43

Health: -12/46     AC:  0    Str:  3    XL:     7   Next: 71%
Magic:  3/10       EV: 27    Int: 17    God:
Gold:   277        SH:  0    Dex: 21    Spells: 2 memorised, 6 levels left

rFire  . . .     SeeInvis +     (weapon currently unavailable)
rCold  . . .     Clarity  .     (armour currently unavailable)
rNeg   + . .     SustAt   .     (shield currently unavailable)
rPois  .         Gourm    .     (helmet currently unavailable)
rElec  .         Spirit   .     (cloak currently unavailable)
rCorr  .         Warding  .     (gloves currently unavailable)
rMut   .         Stasis   .     (boots currently unavailable)
MR     .....                    (no amulet)
Stlth  +++++.....               (ring currently unavailable)
                                (ring currently unavailable)

@: bat-form, flying, very quick, not resistant to hostile enchantments, quite
stealthy
A: (fangs 0), see invisible, (unbreathing)
a: End Transformation


You were on level 5 of the Dungeon.
You were not thirsty.
You were in vampire-bat-form.
You visited 1 branch of the dungeon, and saw 5 of its levels.
You also visited: Sewer.

You collected 315 gold pieces.
You spent 38 gold pieces at shops.

Inventory:

Hand weapons
 f - a +1 short sword (melded)
 h - a +0 halberd
Missiles
 j - 29 arrows
 k - 12 arrows of flame
 q - 31 poisoned needles
Armour
 o - a +2 helmet (melded)
 y - a +1 leather armour of magic resistance (melded)
 G - a cursed +0 pair of gloves (melded)
Jewellery
 a - an uncursed ring of flight
 b - a ring of positive energy (melded)
 w - a ring of ice (melded)
Magical devices
 d - a wand of random effects (30)
 s - a wand of hasting (3)
Scrolls
 g - 2 scrolls of amnesia
 D - a scroll of blinking {unknown}
 E - 4 scrolls of teleportation {unknown}
 F - a scroll of fog
Potions
 e - a potion of magic {unknown}
 i - 3 potions of might {unknown}
 p - 3 potions of curing {unknown}
 r - a potion of cancellation {unknown}
 v - 3 potions of degeneration {unknown}
 z - a potion of haste {unknown}
 A - a potion of lignification {unknown}
Books
 c - a book of Maledictions

   Spells                             Type                      Level
   a - Corona                         Hexes                        1
   b - Ensorcelled Hibernation        Hexes/Ice                    2
   c - Confuse                        Hexes                        3
   d - Tukima's Dance                 Hexes                        3
   e - Dazzling Spray                 Conjuration/Hexes            3
 C - a Necronomicon

   Spells                             Type                      Level
   a - Haunt                          Necromancy/Summoning         7
   b - Borgnjor's Revivification      Necromancy                   8
   c - Death's Door                   Charms/Necromancy            8
   d - Necromutation                  Transmutation/Necromancy     8


   Skills:
 - Level 5.1 Short Blades
 + Level 6.6 Dodging
 - Level 7.1 Stealth
 - Level 2.0 Spellcasting
 - Level 6.0 Hexes


You had 6 spell levels left.
You knew the following spells:

 Your Spells              Type           Power        Failure   Level  Hunger
a - Corona                Hex            ###....      1%          1    #......
b - Tukima's Dance        Hex            ###.....     6%          3    ###....


Dungeon Overview and Level Annotations

Branches:
Dungeon (5/15)
 Temple: D:4-7

Altars:
Fedhas
Qazlal
Sif Muna
The Shining One

Shops:
D:4 %[(


Innate Abilities, Weirdness & Mutations

((You have razor-sharp teeth.))
You have supernaturally acute eyesight.
((You can survive without breathing.))


Message History

The centaur hits you!
* * * LOW HITPOINT WARNING * * *
Use which ability? (? or * to list)
You turn into a vampire bat.
Your +1 short sword melds into your body.
Your +2 helmet melds into your body.
Your cursed +0 pair of gloves melds into your body.
Your +1 leather armour of magic resistance melds into your body.
Your ring of ice melds into your body.
Your ring of positive energy melds into your body.
You feel less resistant to hostile enchantments.
The centaur hits you!
* * * LOW HITPOINT WARNING * * *
The centaur misses you.
The centaur wields an uncursed shortbow.
The centaur shoots an arrow.
The arrow completely misses you.
You see here 2 arrows.
The centaur shoots an arrow.
The arrow misses you.
The centaur shoots an arrow.
The arrow hits you!
You die...

#..# ..
###..#
#.. ....#
..#
###.c#
.##
#....#
..#
#.##.#
..# . #(#
..# ..
##.#####
.###.#
#b.....#
.#...##
#......#
......#
#.(....#
.......
#..#####
######...
#..# #
#..
###.## #
#.# #...#
# #.#
###>.##
## #.#
##....##


You could see a centaur.

Vanquished Creatures
  An ogre (D:4)
  Blork the orc (D:5)
  3 big kobolds (Sewer)
  A giant frog skeleton (D:4)
  A hound (D:5)
  A centaur skeleton (D:4)
  An iguana (D:4)
  A worker ant (D:4)
  A river rat (Sewer)
  9 adders
  6 oozes
  An adder zombie (D:5)
  5 worms
  7 giant geckos
  3 orcs
  6 ball pythons (Sewer)
  4 bats
  A bat skeleton (D:4)
  8 giant cockroaches
  6 goblins
  8 hobgoblins
  7 jackals
  A giant newt (D:4)
  A jackal skeleton (D:4)
  8 kobolds
  7 rats
  A fungus (D:2)
100 creatures vanquished.

Vanquished Creatures (collateral kills)
  3 big kobolds (Sewer)
3 creatures vanquished.

Vanquished Creatures (others)
  A dancing weapon (Sewer)
1 creature vanquished.

Grand Total: 104 creatures vanquished

Notes
Turn   | Place    | Note
--------------------------------------------------------------
     0 | D:1      | Rainor the Vampire Enchanter began the quest for the Orb.
     0 | D:1      | Reached XP level 1. HP: 13/13 MP: 3/3
   623 | D:1      | Reached XP level 2. HP: 14/19 MP: 5/5
   939 | D:2      | Reached XP level 3. HP: 24/24 MP: 6/6
  1040 | D:2      | Found a deep blue altar of Sif Muna.
  1208 | D:2      | Learned a level 3 spell: Tukima's Dance
  1656 | D:2      | Found a blossoming altar of Fedhas.
  1673 | D:2      | Found a stormy altar of Qazlal.
  1981 | D:3      | Reached XP level 4. HP: 30/30 MP: 7/7
  2376 | D:3      | Found a glowing golden altar of the Shining One.
  2634 | D:4      | Reached skill level 5 in Short Blades
  2657 | D:4      | Reached skill level 5 in Stealth
  2657 | D:4      | Reached XP level 5. HP: 21/35 MP: 8/8
  2733 | D:4      | Noticed an ogre
  2757 | D:4      | Killed an ogre
  2757 | D:4      | Reached skill level 7 in Stealth
  2802 | D:4      | Found Pur Cuyf's Antique Weapon Emporium.
  3068 | D:4      | Found Genom's Food Boutique.
  3160 | D:4      | Found Quivela's Armour Shoppe.
  3165 | D:4      | Bought a cursed +0 pair of gloves for 38 gold pieces
  3181 | D:4      | Found a glowing drain.
  3204 | D:4      | Reached XP level 6. HP: 41/41 MP: 9/9
  3218 | Sewer    | Entered a sewer
  3334 | Sewer    | Reached skill level 5 in Hexes
  3854 | Sewer    | Reached XP level 7. HP: 5/46 MP: 4/10
  3856 | Sewer    | Reached skill level 5 in Dodging
  4861 | D:5      | Entered Level 5 of the Dungeon
  4919 | D:5      | Noticed Blork the orc
  4942 | D:5      | Killed Blork the orc
  5073 | D:5      | HP: 1/46 [centaur (8)]
  5077 | D:5      | Shot with an arrow by a centaur

Vault maps used:
D:1:      dpeg_arrival_castle
D:2:      grunt_temple_overflow_forces_of_nature,
          nicolae_overflow_crystal_walls, first_bread, corexii_corridor_pit,
          kennysheep_generic_room_12
D:3:      lemuel_round_altar
D:4:      portal_sewer_entry_f, serial_shops, shop, kennysheep_little_box,
          kennysheep_mini, minmay_misc_feat_iff
D:5:      corexii_item_surrounded_by_moat, uniq_blork_the_orc
Sewer:    sewer_co_tree

Action                   |  1- 3 |  4- 6 |  7- 9 || total
-------------------------+-------+-------+-------++-------
Melee: Dagger            |    28 |       |       ||    28
       Short sword       |    43 |   240 |    93 ||   376
 Cast: Corona            |       |     7 |     5 ||    12
       Tukima's Dance    |       |     5 |     5 ||    10
 Abil: Bat Form          |       |     1 |     2 ||     3
       End Transformatio |       |     1 |     1 ||     2
  Use: Scroll            |     6 |     1 |     3 ||    10
       Potion            |       |     2 |     1 ||     3
 Stab: Sleeping          |    15 |     7 |     6 ||    28
  Eat: Corpse            |     8 |     2 |     5 ||    15
